Map: Fields of Death

Players

Grumm - Winner!

  • Race: Zerg Zerg
  • League: Gold

Shickle - Winner!

  • Race: Protoss Protoss

McNel

  • Race: Zerg Zerg
  • League: Silver

Kalis

  • Race: Zerg Zerg

VOD

Have the link to the VOD?

Description

Time

  • Played on: Jan. 7, 2016, 8:04 p.m.
  • Length: 14:59
Show
View Real Time Build Order
Export as new Build Order

Grumm Zerg - Winner!

Build Orders: Pool First 

Get SALT Encoding   

  12  0:01  Drone  
  13  0:08  Drone  
  14  0:15  Extractor  
  14  0:16  Drone  
  15  0:31  Overlord  
  15  0:39  Spawning Pool  
  14  0:50  Drone x3  
  17  1:03  Drone  
  18  1:07  Extractor  
  18  1:09  Extractor  
  16  1:29  Hatchery  
  16  1:32  Drone x2  
  17  1:38  Drone  
  18  1:40  Queen  
  20  1:53  Zergling x2  
  21  2:07  Drone  
  22  2:08  Overlord  
  22  2:17  Roach Warren  
  22  2:21  Drone  
  22  2:28  Drone  
  23  2:38  Drone  
  23  2:42  Drone  
  25  2:52  Drone  
  25  2:53  Drone x3  
  29  3:03  Overlord  
  29  3:13  Drone  
  30  3:20  Lair  
  30  3:25  Evolution Chamber  
  29  3:28  Drone  
  29  3:29  Drone  
  29  3:30  Evolution Chamber  
  29  3:31  Drone  
  31  3:36  Drone  
  32  3:48  Roach  
  32  3:49  Roach x2  
  32  3:51  Roach  
  32  3:53  Zergling x2  
  41  3:56  Zergling x2  
  41  4:02  Drone x2  
  44  4:05  Zerg Melee Weapons Level 1  
  44  4:09  Zerg Missile Weapons Level 1  
  44  4:17  Overlord  
  44  4:19  Overlord  
  43  4:27  Metabolic Boost  
  43  4:28  Glial Reconstitution  
  43  4:38  Infestation Pit  
  42  4:39  Drone  
  42  4:40  Drone x2  
  42  4:44  Queen  
  47  4:49  Drone  
  47  4:50  Drone  
  49  5:17  Zergling x16  
  56  5:30  Drone x3  
  59  6:01  Hatchery  
  53  6:25  Zergling x2  
  52  6:26  Zergling x14  
  52  6:27  Overlord x2  
  55  6:33  Extractor  
  55  6:35  Extractor  
  47  6:46  Zergling x8  
  51  6:49  Zerg Ground Armor Level 1  
  51  6:54  Spore Crawler x2  
  51  6:56  Spore Crawler  
  51  7:00  Spore Crawler  
  47  7:02  Spore Crawler  
  47  7:05  Spore Crawler  
  45  7:09  Zergling x2  
  45  7:10  Zergling x14  
  45  7:12  Zerg Melee Weapons Level 2  
  53  7:16  Hive  
  45  7:27  Roach x4  
  53  7:37  Drone x7  
  60  8:00  Overlord x2  
  60  8:01  Overlord  
  60  8:02  Zergling x2  
  60  8:03  Zergling x8  
  65  8:08  Spore Crawler  
  65  8:10  Drone  
  65  8:11  Drone x5, Spore Crawler  
  65  8:12  Drone  
  70  8:13  Spore Crawler  
  70  8:14  Spine Crawler  
  70  8:17  Spine Crawler  
  67  8:21  Overseer  
  67  8:35  Hydralisk Den  
  67  8:36  Viper x2  
  67  8:39  Zergling x2  
  67  8:40  Zergling x6  
  76  8:47  Queen  
  78  8:50  Drone x7  
  85  8:56  Extractor  
  84  9:04  Roach x2  
  84  9:05  Roach  
  84  9:08  Muscular Augments  
  90  9:10  Hydralisk  
  90  9:11  Hydralisk  
  94  9:28  Hydralisk  
  94  9:29  Hydralisk x4  
  104  9:32  Overlord x2  
  104  9:40  Spine Crawler  
  103  9:49  Hydralisk  
  103  9:50  Hydralisk x4  
  113  10:07  Hydralisk  
  113  10:08  Hydralisk  
  117  10:20  Drone  
  117  10:21  Drone x4, Extractor  
  121  10:22  Overlord x3  
  121  10:23  Overlord  
  121  10:50  Hydralisk x3  
  121  10:51  Hydralisk x4  
  106  11:44  Zergling x2  
  106  11:45  Zergling x26  
  106  12:45  Hydralisk  
  106  12:46  Hydralisk x13  
  120  13:17  Roach  
  120  13:18  Roach x7  
  132  13:24  Drone  
  133  13:50  Hydralisk  
  133  13:51  Roach  
  133  13:52  Roach x5  
  142  14:20  Zergling x6  
Show
View Real Time Build Order
Export as new Build Order

Shickle Protoss - Winner!

Build Orders:  

Get SALT Encoding   

  12  0:02  Probe (Chrono Boost)  
  13  0:16  Probe (Chrono Boost)  
  14  0:26  Pylon, Probe (Chrono Boost)  
  15  0:44  Probe (Chrono Boost)  
  15  0:49  Gateway  
  16  0:52  Pylon  
  16  1:03  Probe (Chrono Boost)  
  17  1:13  Assimilator  
  17  1:14  Probe (Chrono Boost)  
  17  1:17  Assimilator  
  18  1:28  Pylon  
  18  1:31  Pylon  
  18  1:36  Zealot  
  20  2:02  Gateway  
  20  2:05  Gateway  
  20  2:07  Probe (Chrono Boost)  
  21  2:13  Zealot  
  23  2:18  Probe (Chrono Boost)  
  24  2:28  Probe (Chrono Boost)  
  25  2:37  Cybernetics Core  
  25  2:39  Probe (Chrono Boost)  
  25  2:40  Pylon  
  26  2:49  Probe (Chrono Boost)  
  27  2:52  Zealot  
  27  2:54  Zealot  
  31  3:14  Warp Gate  
  31  3:17  Zealot  
  31  3:19  Zealot  
  35  3:25  Stargate  
  35  3:31  Pylon  
  35  3:54  Twilight Council  
  35  4:03  Zealot  
  35  4:04  Zealot  
  35  4:05  Zealot  
  41  4:11  Phoenix  
  43  4:40  Nexus  
  43  4:51  Charge (Chrono Boost)  
  43  5:15  Phoenix  
  43  5:17  Probe  
  46  5:30  Probe  
  46  5:32  Zealot x2  
  46  5:34  Zealot  
  53  5:42  Probe  
  54  5:54  Probe  
  55  6:06  Probe  
  56  6:18  Probe  
  53  6:28  Zealot x2  
  53  6:29  Zealot  
  53  6:31  Phoenix  
  49  6:40  Fleet Beacon  
  47  6:50  Stalker x2  
  47  6:51  Stalker  
  53  6:54  Probe  
  53  6:56  Phoenix  
  56  7:05  Probe  
  57  7:09  Stargate  
  57  7:18  Probe  
  57  7:20  Assimilator  
  57  7:22  Probe  
  59  7:28  Assimilator, Probe  
  59  7:34  Probe  
  61  7:41  Anion Pulse-Crystals  
  61  7:43  Phoenix  
  63  7:48  Stalker x2  
  67  7:51  Zealot  
  69  8:19  Phoenix  
  71  8:20  Nexus  
  71  8:24  Assimilator  
  71  8:27  Assimilator  
  71  8:30  Probe  
  72  8:41  Phoenix, Probe  
  72  8:44  Phoenix  
  77  8:51  Pylon, Probe  
  77  8:53  Pylon  
  78  8:57  Pylon  
  78  9:05  Pylon  
  78  9:08  Probe  
  78  9:09  Blink (Chrono Boost)  
  79  9:11  Zealot x2  
  83  9:38  Probe  
  83  9:44  Protoss Air Weapons Level 1  
  84  9:46  Phoenix  
  84  9:47  Phoenix  
  84  9:49  Probe x2  
  84  9:51  Probe  
  90  9:59  Probe  
  91  10:01  Probe  
  91  10:02  Probe  
  94  10:07  Forge  
  94  10:10  Probe  
  94  10:13  Forge, Probe  
  96  10:17  Pylon  
  96  10:20  Probe  
  96  10:22  Forge  
  97  10:31  Probe  
  97  10:32  Probe  
  99  10:42  Probe  
  99  10:43  Probe  
  100  11:25  Zealot x3  
  106  11:33  Phoenix x2  
  110  11:44  Gateway  
  110  11:45  Gateway  
  110  11:49  Gateway  
  110  11:52  Pylon  
  110  11:55  Pylon  
  110  11:57  Pylon  
  110  11:58  Phoenix x2  
  110  12:00  Pylon  
  114  12:02  Protoss Ground Weapons Level 1 (Chrono Boost)  
  114  12:03  Protoss Ground Armor Level 1 (Chrono Boost)  
  114  12:04  Protoss Shields Level 1 (Chrono Boost)  
  114  12:14  Protoss Air Armor Level 1  
  114  12:23  Phoenix x2  
  114  12:27  Gateway  
  114  12:28  Gateway  
  118  12:31  Gateway  
  118  12:41  Nexus  
  118  12:48  Phoenix x2  
  122  12:55  Zealot x4  
  122  12:56  Zealot x2  
  134  13:02  Assimilator  
  134  13:07  Assimilator  
  134  14:05  Zealot x5  
  134  14:06  Zealot  
Show
View Real Time Build Order
Export as new Build Order

McNel Zerg 

Build Orders: Pool First 

Get SALT Encoding   

  12  0:04  Drone  
  13  0:21  Drone  
  14  0:25  Extractor  
  14  0:26  Drone  
  14  0:27  Drone, Extractor  
  16  0:44  Overlord  
  16  0:46  Overlord  
  16  1:06  Spawning Pool  
  15  1:30  Drone  
  15  1:31  Drone x2  
  18  1:44  Hatchery  
  17  2:00  Drone x2  
  19  2:30  Queen  
  19  2:32  Zergling x6  
  24  2:47  Extractor  
  23  3:29  Drone x5  
  23  3:30  Drone  
  29  3:39  Spore Crawler  
  28  3:43  Spine Crawler  
  27  3:56  Queen  
  27  3:57  Drone  
  27  3:58  Drone x6  
  36  4:21  Overlord x4  
  36  4:29  Metabolic Boost  
  36  4:49  Drone x6  
  42  5:01  Hatchery  
  41  5:08  Roach Warren  
  41  5:11  Extractor  
  41  5:13  Extractor  
  41  5:14  Spore Crawler  
  34  5:43  Spine Crawler x2  
  34  5:45  Drone x5, Spine Crawler  
  34  5:46  Drone x6, Spine Crawler  
  34  5:47  Drone x3  
  44  6:04  Roach x3  
  44  6:05  Roach  
  39  6:23  Spine Crawler  
  22  7:00  Zergling x10  
  22  7:01  Zergling x10  
  30  7:02  Zergling x2  
  33  7:13  Queen  
  33  7:15  Drone x4  
  39  7:30  Queen  
  41  7:46  Lair  
  41  8:22  Drone  
  41  8:23  Drone x7  
  41  8:24  Drone  
  50  9:25  Zergling x12  
  50  9:26  Zergling x14  
  50  9:27  Zergling x4  
  65  9:36  Drone  
  66  9:58  Hydralisk Den  
  65  10:13  Drone x6  
  65  10:14  Drone x3  
  74  10:16  Overlord x5  
  74  10:25  Evolution Chamber  
  73  10:30  Evolution Chamber  
  72  10:40  Muscular Augments  
  72  10:46  Hydralisk x2  
  72  10:48  Hydralisk  
  78  10:55  Zerg Missile Weapons Level 1  
  78  11:00  Zerg Ground Armor Level 1  
  78  11:15  Hydralisk x3  
  78  11:16  Hydralisk  
  86  11:21  Spore Crawler  
  78  11:29  Extractor  
  57  11:39  Zergling x12  
  55  11:40  Zergling x4  
  55  11:41  Zergling x2  
  36  12:26  Spine Crawler  
  36  12:28  Spine Crawler x2  
  36  12:29  Spine Crawler  
  32  12:34  Spine Crawler  
  32  12:36  Hydralisk x4  
  32  12:37  Hydralisk x2  
  17  13:26  Spawning Pool  
  4  13:32  Drone x4  
Show
View Real Time Build Order
Export as new Build Order

Kalis Zerg 

Build Orders: Hatch First 

Get SALT Encoding   

  12  0:01  Drone  
  13  0:14  Overlord  
  13  0:20  Drone  
  14  1:10  Hatchery  
  13  1:32  Drone  
  14  1:33  Drone  
  14  1:34  Drone  
  16  1:48  Spawning Pool  
  15  2:01  Hatchery  
  15  2:08  Extractor  
  13  2:10  Extractor  
  12  2:16  Drone x3  
  15  2:31  Drone  
  15  2:35  Queen  
  18  2:39  Drone x2  
  20  2:45  Drone  
  21  2:55  Drone  
  22  2:58  Drone  
  22  3:00  Drone  
  24  3:15  Lair  
  24  3:17  Drone  
  25  3:20  Drone x2  
  25  3:23  Extractor  
  25  3:26  Extractor  
  26  3:27  Drone  
  26  3:33  Drone  
  27  3:37  Overlord  
  27  3:42  Drone  
  27  3:44  Drone  
  27  3:47  Drone  
  30  3:50  Extractor  
  30  3:52  Drone  
  30  3:54  Drone  
  31  4:12  Drone x3  
  34  4:21  Spire  
  33  4:25  Drone  
  33  4:27  Drone  
  33  4:28  Drone  
  36  4:33  Drone  
  36  4:35  Drone  
  38  4:39  Drone  
  38  4:43  Drone  
  38  4:44  Drone  
  41  4:48  Extractor  
  41  4:49  Drone  
  41  4:53  Drone  
  42  5:00  Overlord  
  42  5:08  Overlord  
  42  5:12  Overlord  
  42  5:23  Overlord  
  42  5:26  Queen  
  44  5:34  Mutalisk x3  
  50  5:36  Drone  
  50  5:39  Drone  
  50  5:40  Drone  
  50  5:42  Drone  
  54  6:05  Mutalisk x3  
  54  6:06  Mutalisk x2  
  64  6:23  Overlord x3  
  62  6:43  Hatchery  
  61  6:57  Spawning Pool  
  61  6:59  Drone  
  61  7:05  Overlord  
  62  7:08  Drone  
  62  7:31  Drone x2  
  62  7:32  Drone  
  62  7:35  Mutalisk  
  62  7:36  Mutalisk  
  69  7:43  Drone  
  70  7:49  Queen  
  72  8:00  Queen  
  72  8:01  Drone  
  75  8:12  Zerg Flyer Weapons Level 1  
  75  8:16  Drone x5  
  80  8:40  Hatchery, Mutalisk x2  
  80  8:41  Mutalisk x2  
  83  8:44  Overlord  
  87  8:53  Lair  
  87  9:01  Mutalisk x2  
  87  9:02  Mutalisk x3  
  95  9:07  Overlord  
  97  9:12  Drone x4  
  97  9:15  Drone x2  
  103  9:25  Drone  
  103  9:27  Overlord  
  104  9:46  Drone x3  
  104  9:47  Drone  
  108  9:56  Drone  
  108  9:57  Queen  
  111  10:03  Mutalisk x3  
  111  10:04  Mutalisk x4  
  111  10:06  Zerg Flyer Armor Level 1  
  125  10:07  Overlord x2  
  125  10:10  Overlord  
  125  10:11  Hatchery  
  124  10:17  Spire  
  123  10:27  Pneumatized Carapace  
  123  10:39  Drone x3  
  118  11:02  Mutalisk x6  
  118  11:03  Mutalisk x5  
  110  11:20  Mutalisk x4  
  108  11:45  Mutalisk  
  108  11:46  Mutalisk x3  
  86  12:01  Mutalisk x3  
  86  12:02  Mutalisk x4  
  100  12:15  Spire  
  91  12:16  Lair  
  91  12:18  Extractor  
  91  12:20  Extractor  
  59  13:11  Lair  
  42  13:14  Overlord  
  42  13:15  Drone  
  42  13:16  Drone x6  
  49  13:26  Queen  
  51  13:27  Drone x2  
  51  13:28  Drone  
  51  13:32  Overlord  
  51  13:33  Overlord x5  
  51  13:46  Drone  
  52  13:48  Drone  
  52  13:49  Drone x2  
  53  14:16  Mutalisk x2  
  53  14:17  Mutalisk x6  
  53  14:18  Mutalisk x3  
  75  14:27  Spire  
  64  14:36  Extractor  
  63  14:38  Extractor  
Tags
 
Add a new tag
Caveats
  • Supply blocks, unpowered buildings, or Contaminate may cause inaccurate times.
  • Supply counts are checked every 10 seconds.